 Dungeon Crawl Stone Soup version 0.23.2-33-g5129a83184 (webtiles) character file.

Game seed: 6094123011406692192

4200 AarnesTheHuman the Fighter (level 10, -1/124 HPs)
             Began as a Barachi Fighter on Aug 7, 2019.
             Was a Follower of Ashenzari.
             Slain by a troll (7 damage)
             ... on level 6 of the Dungeon.
             The game lasted 00:20:39 (9547 turns).

AarnesTheHuman the Fighter (Barachi Fighter)        Turns: 9547, Time: 00:20:40

Health: -1/124     AC: 25    Str: 21    XL:     10   Next: 29%
Magic:  10/10      EV:  2    Int: 14    God:    Ashenzari [*.....]
Gold:   440        SH: 14    Dex: 12    Spells: 9/9 levels left

rFire    . . .     SeeInvis .   x - +1 scimitar
rCold    . . .     Gourm    .   c - +3 shield (curse)
rNeg     + + +     Faith    +   (armour currently unavailable)
rPois    +         Spirit   .   (helmet currently unavailable)
rElec    .         Reflect  .   (cloak currently unavailable)
rCorr    .         Harm     .   (gloves currently unavailable)
MR       .....     NoTele   +   (boots currently unavailable)
Stlth    +.........             u - amulet of faith
HPRegen  0.30/turn              o - +4 ring of intelligence
MPRegen  0.12/turn              i - +2 ring of intelligence

@: tree-form
A: +LOS, swims
a: Curse Item, Scrying, Renounce Religion


You were on level 6 of the Dungeon.
You worshipped Ashenzari.
Ashenzari was aware of your devotion.
You were hungry.
You were a tree.
You visited 2 branches of the dungeon, and saw 9 of its levels.

You collected 440 gold pieces.

Inventory:

Hand Weapons
 a - a +1 long sword
 x - a +1 scimitar (weapon)
Armour
 b - a +0 scale mail (melded)
 c - a cursed +3 shield (worn)
 q - a +0 leather armour of magic resistance
 v - a +0 helmet (melded)
Jewellery
 i - a +2 ring of intelligence (right branch)
 l - a +2 ring of intelligence
 o - a +4 ring of intelligence (left branch)
 s - an uncursed ring of resist corrosion
 u - an amulet of faith (around neck)
Wands
 k - a wand of digging (11)
 t - a wand of disintegration (5)
 w - a wand of iceblast (7)
Scrolls
 d - 2 scrolls of magic mapping {unknown}
 e - 3 scrolls of teleportation
 h - a scroll of amnesia
 j - 4 scrolls of identify
 r - a scroll of enchant weapon
Potions
 g - a potion of heal wounds {unknown}
 m - a potion of mutation
 n - a potion of magic {unknown}
 p - a potion of lignification
 z - 2 potions of haste {unknown}
Comestibles
 f - 14 rations
 A - 4 chunks of flesh


   Skills:
 + Level 9.5 Fighting
 + Level 9.1 Long Blades
 + Level 9.5 Armour
 + Level 8.8 Shields


You had 9 spell levels left.
You didn't know any spells.
Your spell library contained the following spells:

 Spells                   Type           Power        Failure   Level  Hunger
 Sandblast                Erth           #.....       54%         1    ##.....
 Passwall                 Tmut/Erth      #.......     67%         2    ###....
 Stone Arrow              Conj/Erth      #.....       88%         3    ####...
 Petrify                  Tmut/Erth      #.......     99%         4    #####..
 Lee's Rapid Deconstruct  Erth           #.........   100%        5    ######.


Dungeon Overview and Level Annotations

Branches:
Dungeon (8/15)             Temple (1/1) D:4
   Lair: D:8-11

Altars:
Ashenzari
Cheibriados
Dithmenos
Fedhas
Gozag
Hepliaklqana
Kikubaaqudgha
Makhleb
Nemelex Xobeh
Okawaru
Qazlal
Ru
Sif Muna
Trog
Uskayaw
Vehumet
Wu Jian
Xom
Yredelemnul
Zin

Annotations:
D:6 1 runed translucent door, FishyPogo's ghost, novice OgHu


Innate Abilities, Weirdness & Mutations

Shadows flee at your approach. (+LOS)
You can swim through water.
((You cover ground slowly.))
((You can hop short distances.))


Message History

You completely miss the troll.
The troll is severely wounded.
You block the troll's attack.
The troll claws you but does no damage. x2
You hit the troll.
The troll is severely wounded.
You are feeling hungry.
The troll bites you but does no damage.
The troll claws you but does no damage. x2
You hit the troll but do no damage.
The troll is severely wounded.
The troll bites you but does no damage.
The troll claws you but does no damage. x2
You hit the troll.
The troll is severely wounded.
The troll bites you.
* * * LOW HITPOINT WARNING * * *
The troll claws you but does no damage. x2
You barely miss the troll.
The troll is severely wounded.
The troll bites you but does no damage. You block the troll's attack.
The troll claws you!
You die...

....)..........................##
.................................
.......#.##.............(.......#
.........##.###..........#.#.#.##
#..##..#.##.##...........#.#.###
#...#..#.##.##...##.#.#..#.#.#
#........................#.#.#
+...####.##.##.T...........#.#
#...####........♣##.#....###.#
##..#...............#.#..# #.#
......##.##..#.######.#..###.#
....#.##.##.<#.# #.#......####
)####.##.##..#.# #((..........
..[......###.### ###..###..###
.####.######.# #(.........
.............# #(.####.###
#####.######## #..# #.#


You could see a troll.

Vanquished Creatures
  A two-headed ogre (D:8)
  A water moccasin (D:7)
  A black bear (D:7)
  2 sky beasts
  2 ice beasts
  A phantom (D:7)
  3 wolves (D:8)
  2 ogres (D:8)
  2 centaurs
  A big kobold (D:7)
  3 bullfrogs
  A water moccasin zombie (D:7)
  A scorpion (D:4)
  12 killer bees
  3 wights (D:6)
  2 howler monkeys
  3 crimson imps
  A bullfrog zombie (D:6)
  An iron imp (D:5)
  5 jellies
  4 hounds (D:8)
  4 orc wizards
  4 orc priests
  A bullfrog skeleton (D:5)
  An iguana (D:7)
  Ijyb (D:5)
  8 worker ants
  A hound skeleton (D:7)
  12 adders
  2 howler monkey skeletons
  3 shadow imps
  An adder zombie (D:8)
  8 oozes
  An adder skeleton (D:5)
  3 worms
  2 dart slugs
  11 leopard geckos
  24 orcs
  6 giant cockroaches
  8 goblins
  14 hobgoblins
  4 jackals (D:3)
  11 kobolds
  2 quokkas
  A ball python (D:7)
  3 bats
  10 frilled lizards
  A quokka skeleton (D:4)
  A quokka zombie (D:7)
  9 rats
209 creatures vanquished.

Vanquished Creatures (others)
  An orc wizard (D:4)
1 creature vanquished.

Grand Total: 210 creatures vanquished

Notes
Turn   | Place    | Note
-------+----------+-------------------------------------------
     0 | D:1      | AarnesTheHuman the Barachi Fighter began the quest for the
                  | Orb.
     0 | D:1      | Reached XP level 1. HP: 18/18 MP: 1/1
   240 | D:1      | Reached XP level 2. HP: 16/25 MP: 2/2
   582 | D:1      | Reached XP level 3. HP: 27/30 MP: 3/3
   765 | D:2      | Found a hide-covered altar of Uskayaw.
   766 | D:2      | Found a bloodstained altar of Trog.
   766 | D:2      | Found a sacrificial altar of Ru.
   802 | D:2      | Found a basalt altar of Yredelemnul.
  1069 | D:2      | Reached XP level 4. HP: 37/37 MP: 4/4
  2073 | D:3      | Reached XP level 5. HP: 31/43 MP: 5/5
  3355 | D:4      | Reached XP level 6. HP: 48/50 MP: 6/6
  3372 | D:4      | Reached skill level 5 in Fighting
  3372 | D:4      | Reached skill level 5 in Armour
  3908 | D:4      | Found a staircase to the Ecumenical Temple.
  4039 | Temple   | Entered the Ecumenical Temple
  4098 | Temple   | Became a worshipper of Ashenzari the Shackled
  4349 | D:4      | Found a sparkling altar of Nemelex Xobeh.
  4377 | D:4      | Reached skill level 5 in Shields
  4475 | D:4      | Reached XP level 7. HP: 40/56 MP: 7/7
  4841 | D:4      | Reached skill level 5 in Long Blades
  4928 | D:5      | Entered Level 5 of the Dungeon
  4928 | D:5      | Found a snail-covered altar of Cheibriados.
  5431 | D:5      | Noticed Ijyb
  5452 | D:5      | Killed Ijyb
  5811 | D:5      | Reached XP level 8. HP: 42/65 MP: 8/8
  5945 | D:5      | Found an ancient bone altar of Kikubaaqudgha.
  6242 | D:6      | Found a runed translucent door.
  6243 | D:6      | Noticed FishyPogo's ghost (novice OgHu)
  7031 | D:7      | Reached XP level 9. HP: 41/72 MP: 9/9
  7230 | D:7      | Reached * piety under Ashenzari
  8549 | D:8      | Noticed a two-headed ogre
  8554 | D:8      | Killed a two-headed ogre
  8554 | D:8      | Reached XP level 10. HP: 47/83 MP: 10/10
  9513 | D:8      | Noticed a two-headed ogre
  9541 | D:6      | HP: 5/124 [troll (5)]
  9546 | D:6      | HP: 6/124 [troll (1)]
  9547 | D:6      | Slain by a troll

Skill      XL: |  1  2  3  4  5  6  7  8  9 10 |
---------------+-------------------------------+-----
Fighting       | 4 5 6 7 9 |  9.5
Long Blades    | 3 4 5 7 8 9 |  9.1
Armour         | 4 5 6 7 9 |  9.5
Shields        | 4 5 7 8 |  8.8

Action                   |  1- 3 |  4- 6 |  7- 9 | 10-12 || total
-------------------------+-------+-------+-------+-------++-------
Melee: Long sword        |   106 |   335 |   150 |       ||   591
       Scimitar          |       |       |   292 |   102 ||   394
Invok: Curse Item        |       |       |     1 |       ||     1
 Abil: Hop               |       |       |     2 |     2 ||     4
Evoke: Wand              |       |     3 |     6 |     3 ||    12
  Use: Potion            |       |     4 |     4 |     2 ||    10
       Scroll            |       |    15 |     1 |       ||    16
  Eat: Chunk             |     1 |    13 |     7 |     4 ||    25
       Ration            |       |       |     2 |       ||     2
Armor: Scale mail        |    36 |   121 |   103 |    25 ||   285
       Skin              |       |       |       |    14 ||    14
Dodge: Dodged            |    26 |    78 |   102 |    17 ||   223
Block: Shield            |    50 |   184 |   308 |   103 ||   645
       Rpst.: Long sword |     9 |    19 |     7 |       ||    35
       Scimitar          |       |       |    19 |     3 ||    22
